 Dungeon Crawl Stone Soup version 0.21.1-1-g345015f (webtiles) character file.

2662 Melicamp the Fighter (level 9, -5/76 HPs)
             Began as a Barachi Wanderer on Apr 2, 2018.
             Was a Follower of Qazlal.
             Slain by a wight
             ... wielding a +4 spear of freezing
              (8 damage)
             ... on level 6 of the Dungeon.
             The game lasted 00:56:09 (10160 turns).

Melicamp the Fighter (Barachi Wanderer)            Turns: 10160, Time: 00:56:10

Health: -5/76      AC:  7    Str: 12    XL:     9   Next: 63%
Magic:  13/13      EV: 15    Int: 15    God:    Qazlal [*.....]
Gold:   267        SH:  1    Dex: 19    Spells: 11/14 levels left

rFire    . . .     SeeInvis .   C - +0 trident
rCold    . . .     Gourm    .   (no shield)
rNeg     . . .     Faith    .   t - +0 ring mail
rPois    +         Spirit   .   (no helmet)
rElec    .         Reflect  .   (no cloak)
rCorr    .         Harm     .   s - +0 pair of gloves
MR       .....                  (no boots)
Stlth    ++........             (no amulet)
HPRegen  0.22/turn              p - ring of poison resistance
MPRegen  0.13/turn              (no ring)

@: agile, heavily drained, slow
A: +LOS, swims, slowness 1, strong legs 1
a: Hop, Renounce Religion


You were on level 6 of the Dungeon.
You worshipped Qazlal.
Qazlal was aware of your devotion.
You were not hungry.

You visited 2 branches of the dungeon, and saw 8 of its levels.

You collected 295 gold pieces.
You spent 28 gold pieces at shops.

Inventory:

Hand Weapons
 b - a +0 hand crossbow
 x - a +0 dagger
 C - a +0 trident (weapon)
Missiles
 c - 6 bolts
 y - 2 exploding tomahawks (quivered)
Armour
 s - a +0 pair of gloves (worn)
 t - a +0 ring mail (worn)
 v - a +0 buckler
Jewellery
 p - a ring of poison resistance (left hand)
Wands
 e - a wand of flame (15)
 z - a wand of acid (14)
 B - a wand of enslavement (15)
Scrolls
 d - 11 scrolls of teleportation
 h - 5 scrolls of remove curse
 o - a scroll of immolation
Potions
 g - a potion of curing {unknown}
 i - 3 potions of lignification
 k - 2 potions of flight
 m - a potion of cancellation
 n - 2 potions of brilliance
 q - a potion of haste {unknown}
 r - a potion of resistance {unknown}
 w - a potion of berserk rage {unknown}
 A - a potion of degeneration {unknown}
 D - a potion of agility
Books
 a - a book of Minor Magic

   Spells                             Type                      Level
   a - Magic Dart                     Conjuration                  1
   b - Blink                          Translocation                2
   c - Call Imp                       Summoning                    2
   d - Slow                           Hexes                        2
   e - Conjure Flame                  Conjuration/Fire             3
   f - Mephitic Cloud                 Conjuration/Poison/Air       3
Comestibles
 f - 5 rations


   Skills:
 * Level 9.1(7.1) Fighting
   Level 0.3(0.0) Maces & Flails
 + Level 3.4(1.8) Polearms
 - Level 7.0(5.1) Crossbows
 - Level 6.0(4.2) Armour
 - Level 1.0(0.0) Stealth
 - Level 4.2(2.5) Shields
 - Level 3.2(1.6) Spellcasting
 - Level 3.0(1.3) Conjurations


You had 11 spell levels left.
You knew the following spells:

 Your Spells              Type           Power        Failure   Level  Hunger
a - Magic Dart            Conj           #...         28%         1    ##.....
b - Blink                 Tloc           N/A          58%         2    ###....


Dungeon Overview and Level Annotations

Branches:
Dungeon (7/15)             Temple (1/1) D:4

Altars:
Fedhas
Gozag
Hepliaklqana
Kikubaaqudgha
Makhleb
Okawaru
Qazlal
Ru
Sif Muna
Trog
Uskayaw
Vehumet
Xom
Yredelemnul
Zin

Shops:
D:5 ?

Annotations:
D:3 buskinjo's ghost, amateur OgIE


Innate Abilities, Weirdness & Mutations

Shadows flee at your approach. (+LOS)
You can swim through water.
You cover ground slowly.
You can hop short distances.


Message History

The wight is severely damaged.
The wight hits you from afar with a spear of freezing!
* * * LOW HITPOINT WARNING * * *
You feel drained.
* * * LOW HITPOINT WARNING * * *
The wight freezes you.
* * * LOW HITPOINT WARNING * * *
Okay, then.
The wight hits you from afar with a spear of freezing.
* * * LOW HITPOINT WARNING * * *
The wight freezes you.
* * * LOW HITPOINT WARNING * * *
Okay, then.
Okay, then.
Okay, then.
It was a potion of agility.
You feel agile all of a sudden. The wight barely misses you.
The wight hits you from afar with a spear of freezing!
You die...

#.# #...#..#### #....
#.# ##.##..#######
##.### #.# #.......>...#
#..... #.# ####..#####.#
#..### #.# #..# #.# #..#
#.# #..# #.# #..#
#.########..# #.# #..#
#[##....ยง..<# #.# #..#
#.>....pz.@.# #.# #..#
####.######## #.####..#
#.# ##...(...###
#.###########..(####....
#........(......# #####
#.###########...#
######.####..........#
#.............########
#.####....#.#.#########


You could see a wight and a neutral freed slave (wandering).

Vanquished Creatures
  Pikel (D:6)
  Prince Ribbit (D:6)
  Grinder (D:5)
  A black bear (D:6)
  A sky beast (D:6)
  A phantom (D:5)
  3 ogres (D:5)
  A bullfrog (D:6)
  A wyvern skeleton (D:4)
  2 scorpions
  3 killer bees
  2 wights (D:6)
  A vampire bat (D:6)
  2 crimson imps
  A gnoll shaman (D:5)
  3 orc priests
  3 orc wizards
  A centaur skeleton (D:4)
  An iguana (D:4)
  6 worker ants
  A hound zombie (D:6)
  A howler monkey zombie (D:5)
  13 gnolls
  8 adders
  A shadow imp (D:5)
  2 oozes
  2 worms
  A dart slug (D:1)
  A leopard gecko (D:2)
  14 orcs
  12 bats
  2 bat skeletons (D:6)
  3 bat zombies (D:6)
  7 giant cockroaches
  7 goblins
  7 hobgoblins
  4 jackals
  9 kobolds
  2 quokkas (D:6)
  5 frilled lizards
  8 rats
146 creatures vanquished.

Vanquished Creatures (others)
  A slave (D:7)
  A wight (D:7)
  An orc wizard (D:7)
  An adder (D:7)
  4 orcs (D:7)
  A quokka (D:6)
9 creatures vanquished.

Grand Total: 155 creatures vanquished

Notes
Turn   | Place    | Note
-------+----------+-------------------------------------------
     0 | D:1      | Melicamp the Barachi Wanderer began the quest for the Orb.
     0 | D:1      | Melicamp set off with: a book of Minor Magic, a +0 hand crossbow, 22 bolts, a scroll of teleportation, a +0 robe, a ration
     0 | D:1      | Reached XP level 1. HP: 15/15 MP: 4/4
     2 | D:1      | Learned a level 1 spell: Magic Dart
    16 | D:1      | Reached XP level 2. HP: 21/21 MP: 6/6
   139 | D:1      | Learned a level 2 spell: Blink
   414 | D:1      | Reached XP level 3. HP: 27/27 MP: 5/7
   454 | D:1      | Reached skill level 2 in Fighting
  1423 | D:2      | Reached skill level 3 in Fighting
  1479 | D:2      | Reached XP level 4. HP: 35/35 MP: 5/8
  1816 | D:2      | Found a bloodstained altar of Trog.
  1833 | D:2      | Found a glowing silver altar of Zin.
  2174 | D:3      | Reached skill level 4 in Fighting
  2174 | D:3      | Reached XP level 5. HP: 37/42 MP: 3/9
  2682 | D:3      | Noticed buskinjo's ghost (amateur OgIE)
  2739 | D:3      | Found a blossoming altar of Fedhas.
  2927 | D:3      | Found a faded altar of an unknown god.
  3036 | D:3      | Reached skill level 5 in Fighting
  3354 | D:4      | Reached XP level 6. HP: 41/51 MP: 10/10
  3916 | D:4      | Reached skill level 6 in Fighting
  4232 | D:4      | Found a staircase to the Ecumenical Temple.
  4283 | Temple   | Entered the Ecumenical Temple
  4531 | Temple   | Became a worshipper of Qazlal Stormbringer
  4561 | D:4      | Found a basalt altar of Yredelemnul.
  4696 | D:5      | Entered Level 5 of the Dungeon
  4696 | D:5      | Noticed Grinder
  4703 | D:5      | Killed Grinder
  4703 | D:5      | Reached XP level 7. HP: 58/58 MP: 11/11
  4959 | D:5      | Reached skill level 5 in Crossbows
  5235 | D:5      | Found Sypap's Magic Scroll Boutique.
  5243 | D:5      | Bought a scroll of identify for 28 gold pieces
  5261 | D:5      | Reached XP level 8. HP: 64/64 MP: 12/12
  6405 | D:5      | Noticed a two-headed ogre
  6887 | D:6      | Found a sacrificial altar of Ru.
  7108 | D:6      | Reached skill level 5 in Armour
  7116 | D:6      | Reached * piety under Qazlal
  8120 | D:6      | Found an ancient bone altar of Kikubaaqudgha.
  8214 | D:6      | Reached XP level 9. HP: 71/71 MP: 13/13
  8314 | D:7      | Noticed a two-headed ogre
  8400 | D:7      | Found a deep blue altar of Sif Muna.
  8400 | D:7      | Noticed Prince Ribbit
  8545 | D:6      | Killed Prince Ribbit
  8545 | D:6      | Reached skill level 7 in Fighting
  8545 | D:6      | Reached skill level 1 in Polearms
  8706 | D:7      | Noticed Pikel
  8763 | D:6      | Killed Pikel
  8763 | D:6      | Reached skill level 8 in Fighting
 10108 | D:6      | Reached skill level 9 in Fighting
 10154 | D:6      | HP: 3/76 [wight/spear of freezing (4)]
 10154 | D:6      | HP: 1/76 [wight/spear of freezing (2)]
 10160 | D:6      | Slain by a wight

Skill      XL: |  1  2  3  4  5  6  7  8  9 |
---------------+----------------------------+-----
Conjurations   | 3 |  3.0
Fighting       | 3 4 5 6 9 |  9.1
Crossbows      | 2 3 4 5 7 |  7.0
Shields        | 3 4 |  4.2
Armour         | 2 6 |  6.0
Polearms       | 3 |  3.4
Maces & Flails | |  0.3
Stealth        | |  1.0
Spellcasting   | |  3.2

Action                   |  1- 3 |  4- 6 |  7- 9 || total
-------------------------+-------+-------+-------++-------
Melee: Flail             |    15 |       |    45 ||    60
       Dagger            |       |       |   154 ||   154
       Trident           |       |       |   195 ||   195
       Hand crossbow     |       |       |     5 ||     5
 Fire: Hand crossbow     |    46 |   158 |   107 ||   311
 Cast: Magic Dart        |    29 |    34 |    84 ||   147
 Abil: Hop               |       |     6 |    11 ||    17
  Use: Scroll            |     2 |     6 |     6 ||    14
       Potion            |       |       |     8 ||     8
  Eat: Chunk             |     2 |    10 |     6 ||    18
       Ration            |       |     1 |     4 ||     5
Armor: Robe              |     5 |     4 |       ||     9
       Ring mail         |       |    16 |   183 ||   199
Dodge: Dodged            |    22 |    46 |   239 ||   307
Block: Buckler           |       |       |   128 ||   128
